Construct Infanterie Kompanie
Selects Luftwaffe Battlegroup
Selects Luftwaffe Pioneer Support
Fallschirmpioneer Squad Paradrop
Fallschirmpioneer Squad Paradrop
Selects LG40 Recoilless Gun Paradrop
LG40 Recoilless Gun Paradrop
Construct Panzergrenadier Kompanie
Construct Luftwaffe Kompanie
Selects Reconnaissance Run
LG40 Recoilless Gun Paradrop
Luftwaffe Officer Quarters
Selects Fallschirmjäger Squad Paradrop
Selects Fallschirmjäger Squad Paradrop
Selects Fragmentation Bombs
Construct Panzergrenadier Kompanie
Pak 40 Anti-tank Gun Team
Pak 40 Anti-tank Gun Team
Pak 40 Anti-tank Gun Team
Pak 40 Anti-tank Gun Team
Panzergrenadier Officer Quarters